Map: Tours du crépuscule

Players

Spike - Winner!

  • Race: Terran Terran
  • League: Diamond

Worming

  • Race: Zerg Zerg
  • League: Diamond

VOD

Have the link to the VOD?

Description

Time

  • Played on: Dec. 10, 2015, 11:38 a.m.
  • Length: 21:42
Show
View Real Time Build Order
Export as new Build Order

Spike Terran - Winner!

Build Orders: Reaper Expand, Mech 

Get SALT Encoding   

  12  0:01  SCV  
  13  0:13  SCV  
  14  0:17  Supply Depot  
  14  0:25  SCV  
  15  0:40  SCV  
  15  0:42  Barracks  
  16  0:45  Refinery  
  16  0:53  SCV  
  17  1:11  SCV  
  19  1:30  Reaper  
  19  1:31  Orbital Command  
  19  1:42  Command Center  
  19  1:46  Supply Depot  
  19  1:57  SCV  
  20  2:02  Marine  
  20  2:06  Factory  
  21  2:11  SCV  
  22  2:23  SCV  
  22  2:25  Barracks Reactor  
  22  2:26  Refinery  
  23  2:48  SCV  
  24  2:55  Orbital Command  
  24  2:58  Starport  
  24  3:01  SCV  
  25  3:10  Barracks Tech Lab  
  25  3:14  SCV  
  26  3:22  SCV  
  26  3:26  Refinery, Hellion x2, SCV  
  32  3:33  Armory  
  32  3:42  SCV x2  
  32  3:47  Hellion  
  32  3:48  Hellion  
  38  3:54  SCV x2  
  40  4:03  Medivac  
  40  4:06  SCV x2  
  40  4:09  Hellion  
  46  4:13  Supply Depot  
  46  4:17  Supply Depot  
  46  4:26  Terran Vehicle Weapons Level 1  
  46  4:34  Hellion x2, SCV x2  
  52  4:40  Refinery  
  52  4:48  Starport Reactor, Factory x2  
  52  4:56  Hellion x2  
  56  5:01  SCV x2  
  58  5:13  SCV x2  
  58  5:14  Command Center  
  60  5:17  Hellion  
  62  5:28  Hellion  
  54  5:59  Hellion, Siege Tank  
  54  6:00  Hellion, Infernal Pre-Igniter  
  54  6:01  Liberator  
  54  6:02  Factory Tech Lab  
  57  6:07  Supply Depot  
  57  6:09  Supply Depot  
  55  6:15  Armory  
  58  6:19  SCV  
  58  6:20  Liberator, Terran Vehicle And Ship Armor Level 1  
  58  6:21  Hellbat x2  
  58  6:22  SCV  
  58  6:25  Siege Tank  
  67  6:31  SCV  
  67  6:32  Orbital Command, Siege Tank  
  74  6:42  SCV  
  74  6:43  SCV  
  76  6:54  SCV  
  76  6:55  Orbital Command, SCV  
  76  6:57  Thor  
  84  7:05  Engineering Bay  
  84  7:06  Liberator x2  
  84  7:07  SCV  
  85  7:27  SCV x2  
  92  7:34  SCV  
  93  7:37  Thor  
  93  7:38  Hellbat  
  101  7:49  Refinery  
  101  7:55  Terran Vehicle Weapons Level 2  
  101  8:02  Refinery  
  101  8:08  Hellbat x2, SCV x3  
  101  8:10  Supply Depot x2  
  108  8:14  Liberator  
  108  8:20  SCV  
  108  8:22  Terran Vehicle And Ship Armor Level 2  
  109  8:31  Thor, SCV x2  
  109  8:32  SCV  
  109  8:33  Supply Depot  
  121  8:35  Hellbat, Supply Depot  
  121  8:36  Hellbat  
  125  8:54  Thor  
  125  8:55  SCV  
  132  9:00  Hellbat x2  
  136  9:03  SCV x2  
  136  9:07  SCV  
  139  9:21  Hellbat  
  141  9:32  Missile Turret  
  141  9:34  Missile Turret  
  141  9:39  Thor, Hellbat, Missile Turret  
  141  9:40  Missile Turret  
  141  9:41  Missile Turret  
  141  9:42  Missile Turret  
  141  9:44  Missile Turret  
  141  9:45  Missile Turret, Supply Depot  
  149  9:47  Missile Turret, Supply Depot  
  149  9:50  Liberator x2  
  149  9:53  Hellbat  
  148  10:05  SCV  
  149  10:07  SCV  
  149  10:08  Thor  
  149  10:09  Hellbat  
  149  10:10  Supply Depot  
  164  10:14  Supply Depot  
  164  10:32  Liberator, Command Center  
  164  10:39  Thor  
  170  10:42  Command Center  
  172  11:22  Liberator  
  172  11:27  Hellbat  
  174  11:35  Hellbat  
  174  11:36  Hellbat  
  174  11:40  Liberator  
  174  11:43  Thor  
  166  11:57  Thor  
  175  12:03  Orbital Command  
  175  12:04  Liberator, Terran Vehicle And Ship Armor Level 3, Terran Vehicle Weapons Level 3  
  175  12:09  Missile Turret  
  175  12:13  Missile Turret  
  175  12:14  Hellbat x2  
  179  12:22  Factory  
  182  12:23  Factory  
  182  12:26  Thor  
  188  12:32  Orbital Command  
  188  12:43  SCV  
  189  12:48  SCV x2  
  191  12:55  SCV  
  192  12:58  Thor  
  192  13:00  Hellbat  
  192  13:05  Factory Tech Lab  
  200  13:06  Factory Tech Lab  
  200  13:08  Missile Turret  
  200  13:10  Factory  
  200  13:13  Missile Turret  
  200  13:18  Command Center  
  198  13:21  Factory  
  197  13:38  Orbital Command  
  196  14:20  SCV  
  196  14:21  SCV x2  
  199  14:24  Factory Tech Lab x2  
  199  14:35  Refinery  
  199  14:37  Refinery  
  199  14:41  Terran Ship Weapons Level 1  
  199  14:57  Orbital Command  
  187  15:19  Thor x2  
  157  16:02  Thor x2, Hellion, Hellbat x4  
  179  16:07  Liberator x2  
  179  16:10  Orbital Command  
  160  16:49  Liberator  
  160  16:59  Thor x2  
  160  17:00  Thor x2, Hellbat x4  
  137  17:33  Viking  
  130  17:48  Thor x3, Hellbat  
  130  17:49  Thor x2, Viking, Hellbat  
  130  17:50  Siege Tank  
  163  18:02  Viking  
  147  18:10  Hellbat x2  
  151  18:14  Orbital Command  
  151  18:19  Viking  
  153  18:22  Siege Tank  
  156  18:31  Thor, Hellbat x2  
  156  18:32  Viking  
  168  18:40  Refinery  
  168  18:43  Refinery  
  168  18:46  Thor  
  168  18:47  Thor, Hellbat x2  
  184  18:49  Viking  
  186  19:02  Viking  
  188  19:11  Thor, Hellbat x3  
  200  19:26  Command Center  
  200  20:13  Hellbat  
  189  20:33  Thor  
  189  20:34  Hellbat x2  
  189  20:35  Hellbat  
  186  20:53  Thor  
  186  20:54  Hellbat x3  
  186  20:55  Hellbat x2  
  186  20:56  Hellbat  
  200  21:00  Orbital Command  
Show
View Real Time Build Order
Export as new Build Order

Worming Zerg 

Build Orders: Hatch First 

Get SALT Encoding   

  12  0:04  Drone  
  13  0:13  Overlord  
  13  0:17  Drone  
  14  0:25  Drone, Extractor  
  15  0:35  Drone  
  16  0:37  Drone  
  17  0:56  Drone  
  18  0:57  Hatchery  
  18  1:00  Drone  
  18  1:05  Extractor  
  17  1:16  Spawning Pool  
  16  1:19  Drone  
  16  1:22  Drone  
  18  1:32  Drone  
  19  1:41  Overlord  
  19  1:52  Drone  
  20  2:05  Queen  
  20  2:08  Zergling x2  
  23  2:09  Queen  
  25  2:15  Metabolic Boost  
  25  2:22  Overlord  
  25  2:25  Drone x3  
  27  2:38  Zergling x2  
  27  2:39  Zergling x2  
  29  2:49  Drone x2  
  31  2:59  Zergling x2  
  32  3:13  Hatchery  
  31  3:22  Drone x10  
  31  3:24  Queen  
  43  3:33  Zergling x2  
  44  3:35  Overlord  
  44  3:43  Extractor  
  44  3:44  Overlord  
  43  3:51  Extractor  
  43  3:53  Drone x2  
  45  3:55  Drone  
  45  4:05  Queen  
  45  4:08  Drone x3  
  45  4:09  Zergling x4, Spine Crawler  
  51  4:14  Baneling Nest  
  51  4:15  Evolution Chamber  
  51  4:16  Queen, Evolution Chamber  
  50  4:18  Drone  
  50  4:20  Drone  
  52  4:29  Drone  
  52  4:30  Drone  
  52  4:31  Roach Warren  
  53  4:33  Drone  
  54  4:43  Zerg Melee Weapons Level 1, Zerg Ground Armor Level 1  
  53  5:00  Drone x9  
  53  5:06  Overlord  
  53  5:07  Overlord  
  62  5:12  Lair  
  62  5:16  Drone x2  
  64  5:23  Spore Crawler  
  64  5:25  Spore Crawler  
  64  5:26  Spore Crawler  
  64  5:28  Roach x2  
  58  5:39  Roach x5  
  63  6:00  Queen, Drone x9  
  72  6:15  Glial Reconstitution  
  72  6:20  Baneling Nest, Spire  
  72  6:21  Extractor  
  72  6:22  Drone x2  
  72  6:24  Drone x3  
  74  6:35  Drone x3  
  74  6:37  Drone x4  
  81  6:40  Extractor x2  
  81  6:45  Ravager  
  81  6:46  Ravager  
  81  6:48  Overlord x4  
  81  7:06  Zerg Missile Weapons Level 1, Zerg Ground Armor Level 2  
  79  7:11  Infestation Pit  
  78  7:19  Drone x2  
  78  7:20  Drone  
  78  7:21  Overlord x3  
  81  7:24  Hatchery  
  81  7:27  Roach x3  
  81  7:28  Roach x5  
  96  7:33  Zerg Flyer Weapons Level 1  
  96  7:51  Drone x8  
  104  7:54  Hive  
  104  7:55  Hatchery  
  104  7:57  Overlord x2  
  105  7:58  Roach  
  105  7:59  Roach  
  105  8:00  Zergling x2  
  108  8:10  Roach x3  
  114  8:23  Drone x6  
  120  8:30  Centrifical Hooks  
  120  8:32  Overlord x2  
  120  8:33  Overlord, Pneumatized Carapace  
  120  8:37  Drone x5  
  120  8:39  Extractor  
  124  8:48  Corruptor x5  
  133  8:55  Extractor  
  133  8:59  Drone x2  
  133  9:00  Drone x2  
  133  9:01  Drone x2  
  138  9:03  Drone x2  
  138  9:09  Zerg Missile Weapons Level 2  
  140  9:10  Spire  
  140  9:16  Zergling x10  
  144  9:34  Overlord  
  144  9:37  Greater Spire  
  144  9:39  Queen x2  
  148  9:59  Corruptor x5  
  156  10:32  Ravager x2  
  156  10:33  Ravager x6  
  164  10:38  Zerg Flyer Weapons Level 2  
  168  10:42  Drone x4  
  168  10:43  Drone x3  
  168  10:45  Extractor  
  168  10:47  Overlord x2, Extractor  
  168  10:48  Overlord  
  168  10:49  Roach x10  
  189  10:54  Hydralisk Den  
  188  11:14  Spine Crawler  
  188  11:15  Spine Crawler  
  184  11:20  Viper x3  
  184  11:24  Corruptor x3  
  184  11:25  Corruptor x3  
  197  11:27  Zerg Flyer Armor Level 1  
  199  11:36  Spine Crawler x2  
  199  11:38  Spine Crawler  
  180  11:45  Roach x2  
  180  11:46  Zergling x4, Roach x15  
  169  11:59  Roach  
  169  12:00  Roach x9  
  189  12:05  Zergling x10  
  194  12:08  Ravager  
  194  12:09  Ravager x2  
  194  12:11  Zergling x4  
  199  12:20  Zergling x2  
  200  12:38  Zerg Missile Weapons Level 3, Zerg Ground Armor Level 3  
  200  13:10  Hatchery  
  199  13:20  Ravager  
  200  13:27  Zerg Flyer Armor Level 2, Zerg Flyer Weapons Level 3  
  200  13:31  Adrenal Glands  
  200  13:33  Ultralisk Cavern  
  194  13:56  Corruptor, Mutalisk  
  194  13:57  Corruptor x3  
  200  14:16  Tunneling Claws  
  200  14:19  Muscular Augments  
  200  14:20  Chitinous Plating  
  200  14:54  Hatchery  
  199  15:04  Spine Crawler  
  198  15:07  Spine Crawler  
  198  15:09  Spine Crawler  
  198  15:13  Corruptor x2  
  167  15:15  Zerg Melee Weapons Level 2  
  174  15:22  Roach x4  
  174  15:23  Roach x9  
  143  15:44  Corruptor  
  143  15:45  Corruptor x4  
  143  15:46  Roach x9, Hydralisk x14  
  156  15:57  Corruptor  
  156  15:58  Roach, Corruptor x2  
  156  15:59  Zergling x2, Roach  
  156  16:00  Zergling x12  
  147  16:24  Hydralisk  
  147  16:25  Hydralisk x7  
  126  16:26  Zergling x8  
  116  16:38  Brood Lord  
  116  16:39  Brood Lord x4  
  122  16:41  Zergling x24  
  126  16:47  Roach  
  126  16:48  Roach  
  126  16:52  Extractor  
  126  16:53  Extractor  
  61  17:19  Zergling x2, Roach x6  
  61  17:20  Zergling x8  
  72  17:33  Zergling x4, Roach x7  
  76  17:50  Drone x3  
  75  17:53  Hatchery  
  70  18:03  Zergling x2  
  70  18:04  Zergling x12  
  73  18:16  Zergling x8  
  77  18:22  Hatchery  
  74  18:32  Viper  
  75  18:38  Drone x4  
  75  18:39  Drone x2  
  75  18:40  Drone x3  
  84  18:42  Queen  
  84  18:43  Queen x3  
  84  18:45  Extractor x2  
  90  19:07  Roach  
  90  19:08  Roach x8  
  108  19:12  Hatchery  
  107  19:24  Spine Crawler  
  106  19:31  Extractor x2  
  106  19:32  Drone x4  
  106  19:33  Drone x2  
  106  19:34  Zergling x14  
  106  19:49  Hydralisk  
  106  19:50  Hydralisk x4  
  96  20:17  Drone  
  96  20:18  Drone x2  
  96  20:20  Extractor  
  92  20:23  Hydralisk x4, Roach x6, Extractor  
  87  20:44  Zergling x8  
  88  20:50  Zergling x6  
  88  20:56  Hatchery  
  90  21:12  Zergling x10  
  90  21:18  Baneling x2  
  101  21:19  Baneling x4  
  101  21:20  Zergling x14  
Tags
 
Add a new tag
Caveats
  • Supply blocks, unpowered buildings, or Contaminate may cause inaccurate times.
  • Supply counts are checked every 10 seconds.